 Dungeon Crawl Stone Soup version 0.24-a0-537-g2d01d4ab0a (webtiles) character file.

Game seed: 4024091758624063303

120 Kae the Spear-Bearer (level 5, -1/38 HPs)
             Began as a Merfolk Gladiator on Aug 14, 2019.
             Slain by a worker ant (7 damage)
             ... on level 4 of the Dungeon.
             The game lasted 00:01:41 (1707 turns).

Kae the Spear-Bearer (Merfolk Gladiator)            Turns: 1707, Time: 00:01:42

Health: -1/38      AC:  5    Str: 15    XL:     5   Next: 4%
Magic:  5/5        EV: 14    Int:  8    God:
Gold:   45         SH:  0    Dex: 15    Spells: 4/4 levels left

rFire    . . .     SeeInvis .   a - +0 trident
rCold    . . .     Gourm    .   (no shield)
rNeg     . . .     Faith    .   b - +0 leather armour
rPois    .         Spirit   .   c - +0 helmet
rElec    .         Reflect  .   (no cloak)
rCorr    .         Harm     .   h - +0 pair of gloves
MR       .....                  (no boots)
Stlth    +.........             (no amulet)
HPRegen  0.12/turn              (no ring)
MPRegen  0.09/turn              (no ring)

@: lethally poisoned (-1 -> -8)
A: change form in water, swift swim, stealthy swim
a: no special abilities


You were on level 4 of the Dungeon.
You were not hungry.

You visited 1 branch of the dungeon, and saw 3 of its levels.

You collected 45 gold pieces.

Inventory:

Hand Weapons
 a - a +0 trident (weapon)
Missiles
 d - 3 throwing nets (quivered)
Armour
 b - a +0 leather armour (worn)
 c - a +0 helmet (worn)
 h - a +0 pair of gloves (worn)
Jewellery
 i - an uncursed ring of positive energy {unknown}
 k - an uncursed ring of protection from magic {unknown}
Scrolls
 e - a scroll of enchant armour {unknown}
 j - a scroll of amnesia {unknown}
 p - 2 scrolls of remove curse {unknown}
 q - a scroll of magic mapping {unknown}
 r - a scroll of random uselessness {unknown}
 s - 3 scrolls of identify {unknown}
 u - 2 scrolls of teleportation {unknown}
Potions
 g - a potion of might {unknown}
 l - a potion of haste {unknown}
 m - 3 potions of flight {unknown}
 n - a potion of magic {unknown}
 o - a potion of curing {unknown}
Comestibles
 f - 5 rations
 t - a chunk of flesh


   Skills:
 - Level 2.1 Fighting
 + Level 8.1 Polearms
 - Level 2.0 Throwing
 - Level 4.0 Dodging


You had 4 spell levels left.
You didn't know any spells.
Your spell library was empty.

Dungeon Overview and Level Annotations

Branches:
Dungeon (2/15)

Altars:
Yredelemnul


Message History

You are poisoned.
The worker ant poisons you!
The worker ant bites you but does no damage.
You are too injured to fight recklessly!
You are too injured to fight recklessly!
You are too injured to fight recklessly!
You are too injured to fight recklessly!
You are too injured to fight recklessly!
You are too injured to fight recklessly!
You are too injured to fight recklessly!
You are too injured to fight recklessly!
You barely miss the worker ant.
The worker ant is heavily wounded.
You feel sick. The worker ant bites you.
* * * LOW HITPOINT WARNING * * *
You barely miss the worker ant.
The worker ant is heavily wounded.
* * * LOW HITPOINT WARNING * * *
You feel sick. The worker ant bites you!
You die...

# #.####### ##
##.#####....... .a
..#.#.#.#.#.#
#.####..........
#....##.#.#.#.#.#.#
####....a.......$.#
#.....#$#?#.#.#.#...
#.##a#..........
#@##.#.#.#.#.#
#.#.......<...#
#.##.#.#.#.#.#..
#รท#...........##.
#.##.#.#.#.#.## #.#
.. ... ##.(. ####.


You could see a worker ant.

Vanquished Creatures
  A bullfrog skeleton (D:4)
  A worker ant (D:4)
  An adder (D:2)
  An ooze (D:1)
  A dart slug (D:1)
  2 leopard geckos (D:2)
  A ball python (D:1)
  3 giant cockroaches
  9 goblins
  5 hobgoblins
  8 jackals (D:1)
  A quokka (D:4)
  A bat (D:1)
  3 frilled lizards
  5 kobolds
  6 rats
49 creatures vanquished.

Notes
Turn   | Place    | Note
-------+----------+-------------------------------------------
     0 | D:1      | Kae the Merfolk Gladiator began the quest for the Orb.
     0 | D:1      | Reached XP level 1. HP: 16/16 MP: 1/1
    41 | D:1      | Reached skill level 5 in Polearms
   161 | D:1      | Reached XP level 2. HP: 20/22 MP: 2/2
   401 | D:1      | Reached skill level 6 in Polearms
   401 | D:1      | Reached XP level 3. HP: 24/27 MP: 3/3
  1154 | D:2      | Found a basalt altar of Yredelemnul.
  1167 | D:2      | Reached XP level 4. HP: 33/33 MP: 4/4
  1186 | D:2      | Reached skill level 7 in Polearms
  1619 | D:2      | You fall into a shaft and drop 2 floors!
  1649 | D:4      | Reached skill level 8 in Polearms
  1649 | D:4      | Reached XP level 5. HP: 14/38 MP: 5/5
  1707 | D:4      | Slain by a worker ant

Levels and vault maps discovered:
D:1:      tarquinn_simple_flora_water_d, layout_basic
D:2:      layout_basic, nicolae_overflow_hidden_temple, lemuel_doored_altar
D:4:      layout_loops_ring, overflow_temple_1_default, marbit_many_paths,
          st_stairs_11, minmay_curled_crystal, grunt_qazlal_sundering,
          uniq_pikel, uniq_edmund

Skill      XL: |  1  2  3  4 |
---------------+-------------+-----
Polearms       | 5 6 8 |  8.1
Fighting       | |  2.1
Throwing       | |  2.0
Dodging        | |  4.0

Action                   |  1- 3 |  4- 6 || total
-------------------------+-------+-------++-------
Melee: Trident           |   141 |    63 ||   204
 Stab: Sleeping          |     4 |       ||     4
  Eat: Chunk             |       |     3 ||     3
Armor: Leather armour    |    33 |    11 ||    44
Dodge: Dodged            |    91 |    29 ||   120

Table legend:
 A = Non-vault XP
 B = Vault XP
 C = Vault XP percentage of total XP
 D = Non-vault monster count
 E = Vault monster count
 F = Vault count percentage of total count
                 A         B        C        D         E       F
            +---------+---------+-------+---------+---------+-------
      Total |      98 |      74 |  43.0 |      47 |       2 |   4.1
            +---------+---------+-------+---------+---------+-------
        D:1 |      58 |       0 |   0.0 |      31 |       0 |   0.0
        D:2 |      38 |       0 |   0.0 |      15 |       0 |   0.0
        D:4 |       2 |      74 |  97.4 |       1 |       2 |  66.7
            +---------+---------+-------+---------+---------+-------
